 Dungeon Crawl Stone Soup version 0.21.1-1-g345015f (webtiles) character file.

2758 Monsterracer the Quickloader (level 10, -4/77 HPs)
             Began as a Formicid Hunter on June 19, 2018.
             Shot with an arrow by a centaur (9 damage)
             ... on level 7 of the Dungeon.
             The game lasted 00:18:28 (10935 turns).

Monsterracer the Quickloader (Formicid Hunter)     Turns: 10935, Time: 00:18:29

Health: -4/77      AC: 12    Str: 20    XL:     10   Next: 0%
Magic:  0/10       EV: 12    Int: 11    God:
Gold:   362        SH:  4    Dex: 11    Spells: 9/9 levels left

rFire    + . .     SeeInvis +   b - +0 trident (freeze)
rCold    . . .     Gourm    .   v - +0 buckler
rNeg     . . .     Faith    .   u - +2 ring mail {rF+}
rPois    .         Spirit   +   (helmet unavailable)
rElec    .         Reflect  .   (no cloak)
rCorr    .         Harm     .   i - +1 pair of gloves
MR       +....                  x - +1 pair of boots
Stlth    +.........             s - amulet of guardian spirit
HPRegen  0.22/turn              (no ring)
MPRegen  0.12/turn              (no ring)

@: no status effects
A: permanent stasis, dig shafts and tunnels, four strong arms, antennae 3
a: Dig, Shaft Self


You were on level 7 of the Dungeon.
You were not hungry.

You visited 1 branch of the dungeon, and saw 7 of its levels.
You also visited: Ossuary.

You collected 362 gold pieces.

Inventory:

Hand Weapons
 a - a +2 hand crossbow
 b - a +0 trident of freezing (weapon)
Missiles
 d - 16 bolts
 F - 3 throwing nets (quivered)
Armour
 i - a +1 pair of gloves (worn)
 u - a +2 ring mail of fire resistance (worn)
 v - a +0 buckler (worn)
 x - a +1 pair of boots (worn)
 E - a +0 scale mail of cold resistance
Jewellery
 e - an uncursed ring of fire
 h - an uncursed amulet of magic regeneration
 s - an amulet of guardian spirit (around neck)
Wands
 r - a wand of paralysis (15)
 t - a wand of digging (14)
 D - a wand of flame (32)
Scrolls
 g - a scroll of fear {!r}
 q - 3 scrolls of fog
 w - a scroll of amnesia
 y - 4 scrolls of remove curse
 C - a scroll of enchant weapon
 H - a scroll of magic mapping {!r}
Potions
 f - 2 potions of cancellation
 j - a potion of agility {unknown}
 k - a potion of mutation {unknown}
 l - 8 potions of curing
 m - 2 potions of might
 n - 2 potions of lignification
 o - 2 potions of heal wounds
 A - a potion of resistance {unknown}
 B - a potion of magic {unknown}
 G - a potion of invisibility {unknown}
Comestibles
 c - 16 rations
 p - a chunk of flesh


   Skills:
 + Level 6.9 Fighting
 * Level 9.6 Crossbows
 + Level 5.9 Armour
 + Level 4.4 Dodging
 - Level 1.2 Stealth
 - Level 2.4 Shields


You had 9 spell levels left.
You didn't know any spells.

Dungeon Overview and Level Annotations

Branches:
Dungeon (7/15)
 Temple: D:4-7

Altars:
Ashenzari
Cheibriados
Kikubaaqudgha
Vehumet


Innate Abilities, Weirdness & Mutations

You cannot be hasted, slowed, berserked, paralysed or teleported.
You can dig through walls and to a lower floor.
Your four strong arms can wield two-handed weapons with a shield.
You have a pair of large antennae on your head. (SInv)


Message History

Press: ? - help, Dir - move target cursor, f - gnoll
Aim: a gnoll, wielding a halberd You reach to attack!
You barely miss the gnoll.
The centaur shouts!
The centaur wields a shortbow.
The centaur shoots an arrow.
The arrow hits you. You block the gnoll's attack.
The centaur shoots an arrow.
The arrow hits you!
Attack whom?
Press: ? - help, Dir - move target cursor, f/p - gnoll
Aim: a gnoll, wielding a halberd You reach to attack!
You puncture the gnoll! You freeze the gnoll.
The gnoll is severely wounded.
The centaur shoots an arrow.
The arrow hits you. You block the gnoll's attack.
The centaur shoots an arrow.
The arrow hits you.
Unknown command.
Attack whom?
Press: ? - help, Dir - move target cursor, f/p - gnoll
Aim: a gnoll, wielding a halberd (severely wounded)
You reach to attack!
You barely miss the gnoll.
The gnoll is severely wounded.
The gnoll barely misses you.
The centaur shoots an arrow.
The arrow hits you!
* * * LOW HITPOINT WARNING * * *
The gnoll hits you from afar with a halberd!
* * * LOW HITPOINT WARNING * * *
The centaur shoots an arrow.
The arrow hits you.
* * * LOW HITPOINT WARNING * * *
You take 32 damage, and have 21/77 hp.
MASSIVE DAMAGE!!
You now have 4/10 mp.
The centaur shoots an arrow.
The arrow hits you.
* * * LOW HITPOINT WARNING * * *
You see here an arrow.
You take 1 damage, and have 20/77 hp.
You now have 3/10 mp.
A gnoll is nearby!
Attack whom?
Press: ? - help, Dir - move target cursor, f/p - gnoll
Aim: a gnoll, wielding a halberd (severely wounded)
You reach to attack!
You hit the gnoll. You freeze the gnoll.
You kill the gnoll!
Attack whom?
Press: ? - help, Dir - move target cursor, f - gnoll
Aim: a gnoll, wielding a halberd You reach to attack!
You hit the gnoll. You freeze the gnoll.
The gnoll is moderately wounded.
The gnoll hits you but does no damage.
Attack whom?
Press: ? - help, Dir - move target cursor, f/p - gnoll
Aim: a gnoll, wielding a halberd (moderately wounded)
You reach to attack!
You puncture the gnoll! You freeze the gnoll.
You kill the gnoll!
The centaur shoots an arrow.
The arrow barely misses you.
Attack whom?
Press: ? - help, Dir - move target cursor, f - centaur
Aim: a centaur, wielding a shortbow You reach to attack!
You hit the centaur but do no damage.
The centaur shoots an arrow.
The arrow hits you.
* * * LOW HITPOINT WARNING * * *
The centaur shoots an arrow.
The arrow completely misses you.
You take 2 damage, and have 20/77 hp.
You now have 3/10 mp.
The centaur unwields an uncursed shortbow.
The centaur barely misses you. The gnoll closely misses you.
Unknown command.
You barely miss the centaur. You block the centaur's attack.
The centaur barely misses you. The gnoll hits you but does no damage.
You hit the centaur but do no damage. The centaur misses you.
The gnoll hits you but does no damage.
The centaur hits you but does no damage.
You hit the centaur but do no damage. The centaur hits you!
* * * LOW HITPOINT WARNING * * *
The gnoll hits you from afar with a spear.
* * * LOW HITPOINT WARNING * * *
The centaur hits you but does no damage.
The gnoll hits you from afar with a spear.
* * * LOW HITPOINT WARNING * * *
You take 10 damage, and have 11/77 hp.
You now have 2/10 mp.
You hit the centaur but do no damage.
The centaur hits you but does no damage. x2
The gnoll hits you but does no damage.
You barely miss the centaur.
The centaur hits you but does no damage.
The gnoll closely misses you. The centaur hits you.
* * * LOW HITPOINT WARNING * * *
You take 4 damage, and have 7/77 hp.
You now have 1/10 mp.
Unknown command.
Throwing (i - inventory):
F - 4 throwing nets (quivered)
Press: ? - help, Shift-Dir - straight line, f/p - centaur
Aim: a centaur You throw a throwing net.
The throwing net hits the centaur.
The centaur is caught in the net!
The centaur struggles against the net.
The gnoll closely misses you.
The centaur struggles against the net. x2
You see here an arrow.
The centaur struggles against the net. x2
The net rips apart, and the centaur comes free!
The centaur wields an uncursed shortbow.
The centaur shoots an arrow.
The arrow closely misses you.
You see here an arrow.
The centaur shoots an arrow.
The arrow hits you.
* * * LOW HITPOINT WARNING * * *
You see here an arrow.
You take 3 damage, and have 5/77 hp.
The centaur shoots an arrow.
The arrow hits you!
You die...

{ #..)[#.# #.#....
#....c.####.####.
##.###....##.# #. . ###
#..# #....##.. .. ...
##.###..###....# ###
.....###.#.##))......##
........###..[.....{.#
.....###.#.##.#####g{##
#..
##.###@#####)#.########
# #.#
#.((.(c###gg.g.... #.#
####(.## ##g#g..#. #.#
#.#.# ## ..# #.# #)##.#
. #.# ###)###.# ..#
#.....### .## #.....#
#.....#


You could see a centaur.

Vanquished Creatures
  A hippogriff (D:7)
  Menkaure (D:4)
  An orc warrior (D:6)
  An ogre (D:4)
  2 phantoms
  A centaur (D:6)
  3 gnoll sergeants
  A water moccasin skeleton (D:4)
  3 centaur zombies (Ossuary)
  A crimson imp (D:5)
  A jelly (D:5)
  A human zombie (Ossuary)
  2 orc priests
  3 gnoll shamans (D:5)
  A centaur skeleton (D:7)
  10 orc wizards
  An iguana (D:4)
  Natasha (thrice) (D:4)
  3 worker ants
  Ijyb (D:4)
  2 hound skeletons (D:6)
  3 hound zombies (Ossuary)
  3 mummies (Ossuary)
  8 adders
  56 gnolls
  A shadow imp (D:5)
  An ooze (D:2)
  4 adder zombies (Ossuary)
  3 worms
  4 dart slugs
  3 leopard geckos
  32 orcs
  3 ball pythons
  4 bats
  7 giant cockroaches
  6 goblins
  5 hobgoblins
  14 jackals (D:5)
  7 kobolds
  2 quokkas
  4 frilled lizards
  A gnoll zombie (Ossuary)
  3 goblin zombies (Ossuary)
  2 hobgoblin zombies (Ossuary)
  A jackal skeleton (D:6)
  4 jackal zombies (Ossuary)
  6 kobold zombies (Ossuary)
  4 orc zombies (Ossuary)
  2 quokka zombies (Ossuary)
  8 rats
  2 rat zombies (Ossuary)
246 creatures vanquished.

Notes
Turn   | Place    | Note
-------+----------+-------------------------------------------
     0 | D:1      | Monsterracer the Formicid Hunter began the quest for the Orb.
     0 | D:1      | Reached XP level 1. HP: 16/16 MP: 1/1
   286 | D:1      | Reached XP level 2. HP: 23/23 MP: 2/2
   315 | D:1      | Found a shattered altar of Ashenzari.
   571 | D:1      | Reached XP level 3. HP: 28/28 MP: 3/3
   904 | D:2      | Reached XP level 4. HP: 30/35 MP: 4/4
   906 | D:2      | Reached skill level 5 in Crossbows
  1724 | D:3      | Reached XP level 5. HP: 41/41 MP: 5/5
  1778 | D:3      | Reached skill level 1 in Shields
  2399 | D:4      | Noticed a phantom
  2482 | D:4      | Killed a phantom
  2482 | D:4      | Reached skill level 1 in Armour
  2482 | D:4      | Reached XP level 6. HP: 37/48 MP: 6/6
  2574 | D:4      | Found a sand-covered staircase.
  2641 | Ossuary  | Entered an ossuary
  2833 | Ossuary  | Reached skill level 6 in Crossbows
  3153 | Ossuary  | HP: 24/48 [adder zombie (3)]
  3332 | Ossuary  | Reached XP level 7. HP: 39/54 MP: 7/7
  3367 | Ossuary  | HP: 24/54 [centaur zombie (5)]
  3386 | Ossuary  | HP: 20/54 [centaur zombie (1)]
  3703 | D:4      | Noticed Natasha
  3729 | D:4      | Killed Natasha
  3854 | D:4      | Noticed Menkaure
  3950 | D:4      | Noticed Ijyb
  3958 | D:4      | Killed Ijyb
  4071 | D:4      | Reached skill level 7 in Crossbows
  4071 | D:4      | Reached XP level 8. HP: 40/61 MP: 5/8
  4224 | D:4      | Noticed Natasha
  4225 | D:4      | Killed Natasha
  4231 | D:4      | Noticed Natasha
  4234 | D:4      | Killed Natasha
  4234 | D:4      | Reached skill level 5 in Fighting
  4322 | D:4      | HP: 27/62 [??? (21)]
  4334 | D:4      | HP: 18/62 [??? (11)]
  4709 | D:4      | Found the +8 storm bow {elec}
  5509 | D:4      | HP: 21/62 [??? (14)]
  5510 | D:4      | Killed Menkaure
  5799 | D:5      | Entered Level 5 of the Dungeon
  5810 | D:5      | Found a snail-covered altar of Cheibriados.
  6205 | D:5      | HP: 31/63 [acid (7)]
  6351 | D:5      | Reached skill level 8 in Crossbows
  6862 | D:5      | Reached XP level 9. HP: 35/69 MP: 9/9
  6862 | D:5      | HP: 34/69 [gnoll (2)]
  6911 | D:5      | HP: 34/69 [gnoll (5)]
  6943 | D:5      | HP: 33/69 [gnoll/flail (5)]
  6966 | D:5      | HP: 34/69 [gnoll/spear of piercing (2)]
  6984 | D:5      | HP: 28/69 [gnoll/flail (1)]
  7381 | D:5      | HP: 32/69 [gnoll/spear (6)]
  7400 | D:5      | HP: 23/69 [gnoll (5)]
  7408 | D:5      | HP: 23/69 [gnoll (1)]
  7415 | D:5      | HP: 22/69 [gnoll/flail (2)]
  7432 | D:5      | HP: 18/69 [gnoll/flail (2)]
  7439 | D:5      | HP: 13/69 [gnoll/club (6)]
  7455 | D:5      | HP: 14/69 [gnoll/club (1)]
  7460 | D:5      | HP: 12/69 [gnoll/club (1)]
  8581 | D:5      | Reached skill level 5 in Armour
  9245 | D:6      | HP: 33/70 [orc warrior/morningstar (15)]
  9459 | D:6      | Reached skill level 9 in Crossbows
  9882 | D:6      | Found a radiant altar of Vehumet.
  9931 | D:6      | HP: 33/71 [gnoll sergeant/trident of freezing (5)]
  9938 | D:6      | HP: 26/71 [gnoll sergeant/trident of freezing (3)]
  9948 | D:6      | HP: 20/71 [gnoll/halberd (6)]
  9969 | D:6      | HP: 18/71 [gnoll/flail of crushing (3)]
 10462 | D:6      | Found an ancient bone altar of Kikubaaqudgha.
 10718 | D:7      | Noticed a hippogriff
 10726 | D:7      | Killed a hippogriff
 10912 | D:7      | Reached XP level 10. HP: 53/77 MP: 7/10
 10915 | D:7      | HP: 33/77 [centaur/arrow (7)]
 10923 | D:7      | HP: 20/77 [centaur/arrow (2)]
 10929 | D:7      | HP: 7/77 [centaur (5)]
 10934 | D:7      | HP: 5/77 [centaur/arrow (3)]
 10935 | D:7      | Shot with an arrow by a centaur

Skill      XL: |  1  2  3  4  5  6  7  8  9 |
---------------+----------------------------+-----
Fighting       | 3 4 5 6 |  6.9
Crossbows      | 5 6 7 8 9 |  9.6
Shields        | 2 |  2.4
Armour         | 1 2 3 4 5 |  5.9
Dodging        | 2 3 4 |  4.4
Stealth        | |  1.2

Action                   |  1- 3 |  4- 6 |  7- 9 | 10-12 || total
-------------------------+-------+-------+-------+-------++-------
Melee: Short sword       |    97 |   298 |   133 |       ||   528
       Dagger            |       |       |   800 |       ||   800
       Spear             |       |       |   270 |       ||   270
       Trident           |       |       |    96 |    12 ||   108
 Fire: Hand crossbow     |    15 |    47 |   101 |       ||   163
Throw: Throwing net      |       |       |     1 |     1 ||     2
 Abil: Dig               |       |     1 |     4 |       ||     5
  Use: Scroll            |       |    11 |    11 |       ||    22
 Stab: Held in net/web   |       |       |     1 |       ||     1
       Distracted        |       |       |     1 |       ||     1
  Eat: Chunk             |       |     5 |    23 |       ||    28
       Ration            |       |     1 |     1 |       ||     2
Armor: Leather armour    |     6 |       |       |       ||     6
       Chain mail        |    75 |    65 |       |       ||   140
       Skin              |       |     6 |       |       ||     6
       Plate armour      |       |   239 |   106 |       ||   345
       Ring mail         |       |       |   372 |     9 ||   381
Dodge: Dodged            |    62 |    24 |   504 |    10 ||   600
Block: Buckler           |       |    40 |   158 |     3 ||   201

Vault maps used:
D:1:      evilmike_arrival_rings, nicolae_ashenzari_panopticon
D:4:      first_ration, chequers_ossuary_entry_cave, uniq_menkaure,
          uniq_natasha, uniq_ijyb
D:5:      lemuel_castle_with_subvaults, cheibriados_altar_1
D:6:      nicolae_overflow_hidden_temple, minmay_misc_feat_plants
D:7:      minmay_temple_entry_crystal_x, grunt_ogre_cave,
          minmay_misc_feat_secret_circle
Ossuary:  minmay_ossuary_two_tombs
